 Dungeon Crawl Stone Soup version 0.21.1-1-g345015f (webtiles) character file.

27548 lyrx the Unseen (level 13, -2/59 HPs)
             Began as a Spriggan Enchanter on Mar 9, 2018.
             Was a High Priest of Dithmenos.
             Shot with an arrow by a centaur warrior (23 damage)
             ... on level 14 of the Dungeon on Mar 10, 2018.
             The game lasted 03:07:55 (18241 turns).

lyrx the Unseen (Spriggan Enchanter)               Turns: 18241, Time: 03:07:56

Health: -2/59      AC:  7    Str:  4    XL:     13   Next: 5%
Magic:  35/37      EV: 24    Int: 17    God:    Dithmenos [*****.]
Gold:   166        SH:  3    Dex: 21    Spells: 17/32 levels left

rFire    + + .     SeeInvis +   o - +4 dagger (protect)
rCold    . . .     Gourm    .   (shield restricted)
rNeg     . . .     Faith    .   Q - +2 robe {rF+}
rPois    .         Spirit   .   (helmet restricted)
rElec    .         Reflect  +   A - +2 cloak
rCorr    .         Harm     .   (gloves unavailable)
MR       ++...                  (boots unavailable)
Stlth    ++++++++++             G - +3 amulet of reflection
HPRegen  0.19/turn              q - ring of protection from fire
MPRegen  0.25/turn              T - ring of magical power

@: wreathed by umbra, very quick
A: very small, unfitting armour, see invisible, herbivore, speed 3, slow
metabolism 2
a: Shadow Step, Shadow Form, Renounce Religion


You were on level 14 of the Dungeon.
You worshipped Dithmenos.
Dithmenos was extremely pleased with you.
You were not hungry.

You visited 2 branches of the dungeon, and saw 15 of its levels.
You also visited: Sewer and Ossuary.

You collected 818 gold pieces.
You spent 652 gold pieces at shops.

Inventory:

Hand Weapons
 o - a +4 dagger of protection (weapon)
 I - a +2 short sword of electrocution
 N - a +2 short sword of holy wrath
 S - a +0 dagger of freezing
Armour
 z - +0 ice dragon scales
 A - a +2 cloak (worn)
 O - a +0 troll leather armour
 Q - a +2 robe of fire resistance (worn)
Jewellery
 p - an uncursed ring of ice
 q - a ring of protection from fire (left hand)
 G - a +3 amulet of reflection (around neck)
 M - an uncursed ring of resist corrosion
 T - a ring of magical power (right hand)
 X - an uncursed ring of wizardry
Wands
 b - a wand of iceblast (13)
 E - a wand of acid (6)
 F - a wand of polymorph (36)
Scrolls
 a - 2 scrolls of random uselessness {unknown}
 f - 4 scrolls of amnesia
 g - 6 scrolls of identify
 j - 2 scrolls of blinking
 n - 11 scrolls of teleportation
 t - 5 scrolls of fog
 u - a scroll of vulnerability
 w - 5 scrolls of magic mapping
 x - 3 scrolls of silence
 C - 4 scrolls of fear
 H - a scroll of noise {unknown}
 P - a scroll of enchant armour
 U - 3 scrolls of remove curse
 W - a scroll of torment {unknown}
Potions
 e - 4 potions of brilliance
 i - 2 potions of haste
 k - 2 potions of resistance
 l - 8 potions of curing
 m - a potion of magic
 r - 3 potions of heal wounds
 s - a potion of invisibility
 v - a potion of flight
 B - 2 potions of might
 D - a potion of ambrosia
 K - 2 potions of agility
 V - a potion of lignification {unknown}
Books
 c - a book of Maledictions

   Spells                             Type                      Level
   a - Corona                         Hexes                        1
   b - Ensorcelled Hibernation        Hexes/Ice                    2
   c - Confuse                        Hexes                        3
   d - Tukima's Dance                 Hexes                        3
   e - Dazzling Spray                 Conjuration/Hexes            3
 h - a book of Misfortune

   Spells                             Type                      Level
   a - Confusing Touch                Hexes                        1
   b - Confuse                        Hexes                        3
   c - Gell's Gravitas                Translocation                3
   d - Petrify                        Transmutation/Earth          4
   e - Metabolic Englaciation         Hexes/Ice                    5
   f - Yara's Violent Unravelling     Hexes/Transmutation          5
 J - a book of Debilitation

   Spells                             Type                      Level
   a - Corona                         Hexes                        1
   b - Slow                           Hexes                        2
   c - Inner Flame                    Hexes/Fire                   3
   d - Portal Projectile              Hexes/Translocation          3
   e - Cause Fear                     Hexes                        4
   f - Leda's Liquefaction            Hexes/Earth                  4
 L - a book of Ice

   Spells                             Type                      Level
   a - Ice Form                       Ice/Transmutation            4
   b - Metabolic Englaciation         Hexes/Ice                    5
   c - Ozocubu's Refrigeration        Ice                          6
   d - Bolt of Cold                   Conjuration/Ice              6
   e - Freezing Cloud                 Conjuration/Ice/Air          6
   f - Simulacrum                     Ice/Necromancy               6
 R - a book of Power

   Spells                             Type                      Level
   a - Iskenderun's Battlesphere      Conjuration/Charms           5
   b - Venom Bolt                     Conjuration/Poison           5
   c - Bolt of Magma                  Conjuration/Fire/Earth       5
   d - Iron Shot                      Conjuration/Earth            6
   e - Orb of Destruction             Conjuration                  7
   f - Spellforged Servitor           Conjuration/Summoning        7
Miscellaneous
 y - a box of beasts
Comestibles
 d - 17 rations


   Skills:
 + Level 2.9 Fighting
 * Level 8.2 Short Blades
 + Level 7.0 Dodging
 + Level 20.8 Stealth
 + Level 10.2 Spellcasting
 + Level 10.2 Hexes
 - Level 1.1 Ice Magic
 * Level 9.8 Evocations


You had 17 spell levels left.
You knew the following spells:

 Your Spells              Type           Power        Failure   Level  Hunger
a - Corona                Hex            #####..      1%          1    None
b - Ensorcelled Hibernat  Hex/Ice        ####..       1%          2    None
c - Confuse               Hex            #####...     1%          3    None
d - Dazzling Spray        Conj/Hex       ####..       3%          3    None
e - Slow                  Hex            #####...     1%          2    None
f - Cause Fear            Hex            #####.....   1%          4    ###....


Dungeon Overview and Level Annotations

Branches:
Dungeon (14/15)            Temple (1/1) D:4            Lair (0/6) D:10
    Orc (0/2) D:9          Vaults (0/5) D:13

Altars:
Ashenzari
Cheibriados
Dithmenos
Elyvilon
Fedhas
Gozag
Hepliaklqana
Kikubaaqudgha
Makhleb
Nemelex Xobeh
Okawaru
Qazlal
Ru
Sif Muna
Trog
Uskayaw
Wu Jian
Xom
Yredelemnul
Zin
The Shining One

Shops:
D:8 *}=   D:10 (}[   D:13 (?

Portals:
Trove: D:10 (give +4 shadow dragon scales)


Innate Abilities, Weirdness & Mutations

You are very small and have problems with some larger weapons.
You are too small for most types of armour.
You have supernaturally acute eyesight. (SInv)
You are a herbivore.
You cover ground extremely quickly.
You need consume almost no food.


Message History

Press: ? - help, Shift-Dir - straight line, f/p - centaur
Aim: a centaur, wielding a shortbow (umbra, chance to defeat MR: 57%)
The centaur looks drowsy...
A centaur comes into view.
The centaur moves out of view.
The helpless centaur fails to defend itself.
You perforate the centaur like a sieve!!!!!
Your weapon exudes an aura of protection.
You kill the centaur!
Dithmenos accepts your kill.
The centaur wields a shortbow.
The centaur shoots an arrow.
The arrow misses you.
The centaur warrior wields a longbow.
The centaur warrior shoots an arrow.
The arrow hits you!!
Ouch! That really hurt!
You emit a cloud of dark smoke.
You see here an arrow.
You see here an arrow.
The centaur warrior shoots an arrow.
The arrow hits you!!
You die...

#...# ..###.##.##.#
#...#
#.#.........###c#
#...######. #.#
.§##.#....c.#
#..........
#.###§##...c#
#..........
#...§§####c##
#..........
#.c§§§§§§§c#
##....#####
#.##########
.#......###+#####.#
.#..............@.###
.#..#......†........#
.#..................#
....##..............#
.....#.........######
<....###'#######
.........# ....######
....#


You could see a centaur warrior.

Vanquished Creatures
  Snorg (D:11)
  The ghost of xccam the Basher, a journeyman MiMo of Ru (D:11)
  2 hydras
  An ice dragon (D:11)
  4 vault guards (D:13)
  Erica (D:10)
  A death knight (D:13)
  4 two-headed ogres
  The ghost of Anonimus the Blocker, a novice GnFi of Ashenzari (D:7)
  5 ugly things
  A deep elf mage (D:13)
  A cyclops (D:12)
  Psyche (D:10)
  A gargoyle (D:10)
  3 rime drakes (D:11)
  2 kobold demonologists (D:13)
  7 trolls
  Grinder (D:3)
  A hornet (D:9)
  A slime creature (D:13)
  2 hippogriffs
  8 yaks
  A hungry ghost (D:13)
  3 hogs (D:7)
  2 wyverns
  A human (D:7)
  2 steam dragons
  Grum (D:11)
  A floating eye (shapeshifter) (D:13)
  6 ice beasts
  Duvessa (D:7)
  6 sky beasts
  9 orc warriors
  3 phantoms
  2 wolves (D:11)
  7 centaurs
  6 ogres
  5 big kobolds
  6 bullfrogs
  Dowan (D:7)
  8 scorpions
  6 wights
  A vampire bat (D:3)
  4 howler monkeys
  2 electric eels (D:12)
  5 crimson imps
  2 bullfrog zombies
  5 hounds
  A jelly (D:10)
  13 orc priests
  11 orc wizards
  Jessica (D:3)
  Terence (D:3)
  A centaur skeleton (D:11)
  7 iguanas
  15 worker ants
  A killer bee zombie (D:9)
  A hound skeleton (D:9)
  3 mummies (Ossuary)
  A worker ant zombie (D:10)
  A gnoll (D:1)
  15 adders
  5 shadow imps
  7 oozes
  An adder skeleton (D:7)
  An adder zombie (D:8)
  3 worms
  18 leopard geckos
  62 orcs
  13 giant cockroaches
  5 gnoll zombies (Ossuary)
  6 goblins
  8 hobgoblins
  9 jackals
  20 kobolds
  4 quokkas
  13 ball pythons
  15 bats
  15 frilled lizards
  4 gnoll skeletons (Ossuary)
  A hobgoblin skeleton (Ossuary)
  3 hobgoblin zombies (Ossuary)
  A kobold skeleton (Ossuary)
  4 kobold zombies (Ossuary)
  A leopard gecko skeleton (D:6)
  2 orc skeletons (Ossuary)
  2 orc zombies (Ossuary)
  7 rats
  3 rat skeletons (Ossuary)
  4 rat zombies (Ossuary)
455 creatures vanquished.

Vanquished Creatures (others)
  Menkaure (Ossuary)
  3 gnoll zombies (Ossuary)
  2 gnoll skeletons (Ossuary)
  5 goblin skeletons (Ossuary)
  A hobgoblin skeleton (Ossuary)
  A kobold skeleton (Ossuary)
  4 kobold zombies (Ossuary)
  3 orc skeletons (Ossuary)
  2 rat skeletons (Ossuary)
22 creatures vanquished.

Grand Total: 477 creatures vanquished

Notes
Turn   | Place    | Note
-------+----------+-------------------------------------------
     0 | D:1      | lyrx the Spriggan Enchanter began the quest for the Orb.
     0 | D:1      | Reached XP level 1. HP: 9/9 MP: 5/5
   120 | D:1      | Reached XP level 2. HP: 7/13 MP: 6/6
   125 | D:1      | Learned a level 2 spell: Ensorcelled Hibernation
   535 | D:1      | Reached skill level 5 in Stealth
   653 | D:1      | Reached XP level 3. HP: 15/16 MP: 0/8
   954 | D:2      | Found an iron altar of Okawaru.
  1120 | D:2      | Found a sacrificial altar of Ru.
  1526 | D:2      | Reached skill level 6 in Stealth
  1607 | D:2      | Reached XP level 4. HP: 21/21 MP: 9/9
  1734 | D:3      | Learned a level 3 spell: Confuse
  1745 | D:3      | Noticed Grinder
  1860 | D:3      | Found a glowing drain.
  1866 | Sewer    | Entered a sewer
  2292 | Sewer    | Reached XP level 5. HP: 20/25 MP: 6/11
  2892 | Sewer    | Reached skill level 7 in Stealth
  2892 | Sewer    | Reached XP level 6. HP: 23/29 MP: 7/12
  2982 | D:3      | Killed Grinder
  2982 | D:3      | Reached skill level 5 in Hexes
  2982 | D:3      | Reached skill level 1 in Ice Magic
  3015 | D:3      | Noticed Jessica
  3019 | D:3      | Killed Jessica
  3019 | D:3      | Reached skill level 1 in Fighting
  3019 | D:3      | Reached skill level 8 in Stealth
  3131 | D:3      | Noticed Terence
  3161 | D:3      | Killed Terence
  3161 | D:3      | Reached XP level 7. HP: 32/33 MP: 4/14
  4079 | D:3      | HP: 1/33 [orc priest/divine providence (12)]
  4533 | D:3      | Reached skill level 5 in Dodging
  4674 | D:4      | Reached skill level 9 in Stealth
  5382 | D:4      | Reached XP level 8. HP: 37/37 MP: 16/16
  5485 | D:4      | Found a staircase to the Ecumenical Temple.
  5491 | Temple   | Entered the Ecumenical Temple
  5629 | Temple   | Became a worshipper of Dithmenos the Shadowed
  5691 | D:5      | Entered Level 5 of the Dungeon
  5730 | D:5      | Reached skill level 10 in Stealth
  5730 | D:5      | Reached skill level 5 in Spellcasting
  5784 | D:5      | Found a sand-covered staircase.
  5816 | Ossuary  | Entered an ossuary
  6063 | Ossuary  | Killed Menkaure
  6105 | Ossuary  | Reached * piety under Dithmenos
  6685 | D:5      | Found a glowing silver altar of Zin.
  6864 | D:6      | Reached skill level 11 in Stealth
  7170 | D:6      | Reached ** piety under Dithmenos
  7340 | D:6      | Reached skill level 12 in Stealth
  7340 | D:6      | Reached skill level 1 in Evocations
  7340 | D:6      | Reached XP level 9. HP: 42/42 MP: 18/18
  7358 | D:6      | Reached skill level 5 in Short Blades
  7606 | D:6      | Found a sparkling altar of Nemelex Xobeh.
  8250 | D:7      | Noticed Anonimus's ghost (novice GnFi)
  8312 | D:7      | Killed Anonimus's ghost
  8312 | D:7      | Reached skill level 13 in Stealth
  8534 | D:7      | Found a snail-covered altar of Cheibriados.
  9070 | D:7      | Reached skill level 14 in Stealth
  9123 | D:7      | Reached XP level 10. HP: 46/46 MP: 14/21
  9291 | D:7      | Noticed Duvessa
  9291 | D:7      | Noticed Dowan
  9321 | D:7      | Killed Duvessa
  9329 | D:7      | Killed Dowan
  9514 | D:8      | Reached skill level 15 in Stealth
  9568 | D:8      | Reached *** piety under Dithmenos
  9655 | D:8      | Noticed a two-headed ogre
  9662 | D:8      | Killed a two-headed ogre
  9689 | D:8      | Reached skill level 5 in Evocations
  9702 | D:8      | Found Xotouf's Gadget Emporium.
  9705 | D:8      | Bought a wand of acid (6) for 240 gold pieces
  9705 | D:8      | Bought a wand of polymorph (6) for 96 gold pieces
  9737 | D:8      | Found an ornate altar of the Wu Jian Council.
  9872 | D:8      | Found Naem's General Store.
  9880 | D:8      | Bought a cursed amulet of inaccuracy for 28 gold pieces
 10069 | D:8      | Found Ykenop's Jewellery Boutique.
 10382 | D:9      | Reached skill level 16 in Stealth
 10599 | D:9      | Found a stormy altar of Qazlal.
 11235 | D:9      | Learned a level 3 spell: Dazzling Spray
 11244 | D:9      | Found a staircase to the Orcish Mines.
 11258 | D:9      | Found a burning altar of Makhleb.
 11490 | D:10     | Entered Level 10 of the Dungeon
 11490 | D:10     | Found Serhigh's Antique Weapon Emporium.
 11537 | D:10     | Found a staircase to the Lair.
 11538 | D:10     | Reached skill level 17 in Stealth
 11545 | D:10     | Found Det Safisk's Gadget Shop.
 11552 | D:10     | Reached **** piety under Dithmenos
 11724 | D:10     | Noticed Erica
 11728 | D:10     | Killed Erica
 11728 | D:10     | Reached XP level 11. HP: 51/51 MP: 23/23
 11991 | D:10     | Found a portal to a secret trove of treasure.
 11991 | D:10     | Noticed Psyche
 11997 | D:10     | Killed Psyche
 12320 | D:10     | Found Bitagem's Armour Boutique.
 12876 | D:11     | Noticed Snorg
 12932 | D:11     | Killed Snorg
 12932 | D:11     | Reached skill level 18 in Stealth
 13108 | D:11     | Noticed Grum
 13129 | D:11     | Killed Grum
 13208 | D:11     | Reached ***** piety under Dithmenos
 13221 | D:11     | Noticed a purple ugly thing
 13504 | D:10     | Bought a +2 robe of fire resistance for 212 gold pieces
 13614 | D:11     | Noticed an ice dragon
 13615 | D:11     | Found the +8 frozen axe "Frostbite" {freezing cloud, *Noise +Fly rC+}
 13637 | D:11     | Killed a purple ugly thing
 13734 | D:11     | Killed an ice dragon
 13899 | D:11     | Reached skill level 19 in Stealth
 13959 | D:11     | Learned a level 2 spell: Slow
 13964 | D:11     | Learned a level 4 spell: Cause Fear
 14164 | D:11     | Noticed xccam's ghost (journeyman MiMo)
 14175 | D:11     | Killed xccam's ghost
 14297 | D:12     | Noticed a five-headed hydra
 14304 | D:12     | Killed a five-headed hydra
 14396 | D:12     | Reached XP level 12. HP: 56/56 MP: 25/25
 15076 | D:12     | Found a shadowy altar of Dithmenos.
 16449 | D:13     | Noticed a two-headed ogre
 16459 | D:13     | Killed a two-headed ogre
 16467 | D:13     | Found Queppoef's Weapon Shoppe.
 16774 | D:13     | Found Pyaci's Magic Scroll Shop.
 16779 | D:13     | Reached skill level 20 in Stealth
 16796 | D:13     | Bought a scroll of identify for 38 gold pieces
 16796 | D:13     | Bought a scroll of identify for 38 gold pieces
 16939 | D:13     | Noticed a seven-headed hydra
 16986 | D:13     | Killed a seven-headed hydra
 17212 | D:13     | Noticed a vault guard
 17214 | D:13     | Noticed a vault guard
 17215 | D:13     | Noticed a death knight
 17216 | D:13     | Found a gate to the Vaults.
 17216 | D:13     | Noticed a vault guard
 17217 | D:13     | Noticed a two-headed ogre
 17217 | D:13     | Noticed a vault guard
 17217 | D:13     | Noticed a two-headed ogre
 17282 | D:13     | Killed a vault guard
 17310 | D:13     | Killed a vault guard
 17472 | D:13     | Killed a vault guard
 17539 | D:13     | Killed a vault guard
 17539 | D:13     | Reached skill level 10 in Spellcasting
 17624 | D:13     | Killed a two-headed ogre
 17624 | D:13     | Reached skill level 10 in Hexes
 17909 | D:13     | Killed a death knight
 17909 | D:13     | Reached XP level 13. HP: 59/59 MP: 25/28
 18241 | D:14     | Shot with an arrow by a centaur warrior

Skill      XL: |  1  2  3  4  5  6  7  8  9 10 11 12 |
---------------+-------------------------------------+-----
Hexes          | 4 5 6 7 8 9 10 | 10.2
Stealth        | 5 6 7 8 9 12 14 17 19 20 | 20.8
Spellcasting   | 3 4 5 6 7 8 10 | 10.2
Short Blades   | 2 3 4 5 6 8 |  8.2
Dodging        | 4 5 6 7 |  7.0
Ice Magic      | 1 |  1.1
Fighting       | 1 2 |  2.9
Evocations     | 1 4 6 8 9 |  9.8

Action                   |  1- 3 |  4- 6 |  7- 9 | 10-12 | 13-15 || total
-------------------------+-------+-------+-------+-------+-------++-------
Melee: Dagger            |   163 |   250 |   607 |   547 |    17 ||  1584
 Cast: Ensorcelled Hiber |    20 |    38 |    42 |   104 |     5 ||   209
       Confuse           |       |     3 |    38 |    56 |       ||    97
       Dazzling Spray    |       |       |       |     2 |       ||     2
       Cause Fear        |       |       |       |     1 |       ||     1
  Use: Scroll            |       |     8 |    12 |    11 |       ||    31
       Potion            |       |     2 |       |       |       ||     2
 Stab: Sleeping          |    20 |    20 |    52 |   112 |     5 ||   209
       Confused          |       |     1 |    20 |    43 |       ||    64
       Distracted        |       |       |     3 |    11 |       ||    14
  Eat: Ration            |       |     2 |     7 |     3 |       ||    12
Armor: Robe              |    17 |    24 |    56 |    19 |     1 ||   117
Dodge: Dodged            |   133 |   271 |   452 |   205 |    11 ||  1072
Block: Other             |       |       |       |    34 |       ||    34
